Map: Orbital Shipyard

Players

State

  • Race: Protoss Protoss
  • League: Grandmaster

Patience - Winner!

  • Race: Protoss Protoss
  • League: Grandmaster

VOD

Have the link to the VOD?

Description

Time

  • Played on: Nov. 24, 2015, 9:04 p.m.
  • Length: 15:43
Show
View Real Time Build Order
Export as new Build Order

State Protoss 

Build Orders: 1 Gate Expand 

Get SALT Encoding   

  12  0:00  Probe (Chrono Boost)  
  13  0:13  Pylon  
  13  0:17  Probe (Chrono Boost)  
  14  0:28  Probe (Chrono Boost)  
  15  0:35  Gateway  
  15  0:38  Probe (Chrono Boost)  
  16  0:45  Assimilator  
  16  0:49  Probe (Chrono Boost)  
  17  0:59  Probe (Chrono Boost)  
  18  1:10  Probe (Chrono Boost)  
  19  1:20  Nexus  
  19  1:23  Probe (Chrono Boost)  
  20  1:34  Cybernetics Core  
  20  1:35  Probe (Chrono Boost)  
  21  1:43  Pylon  
  21  1:46  Probe (Chrono Boost)  
  22  1:52  Assimilator  
  22  1:57  Probe (Chrono Boost)  
  24  2:11  Mothership Core (Chrono Boost)  
  24  2:14  Adept  
  27  2:29  Probe  
  27  2:33  Probe  
  29  2:40  Probe  
  29  2:44  Probe  
  30  2:46  Warp Gate (Chrono Boost)  
  30  2:50  Probe  
  31  2:54  Probe  
  31  2:55  Pylon  
  31  2:56  Adept  
  35  3:00  Pylon  
  35  3:01  Probe  
  35  3:05  Probe  
  36  3:08  Pylon  
  36  3:11  Probe  
  37  3:15  Probe  
  39  3:22  Probe  
  39  3:26  Probe  
  40  3:32  Probe  
  42  3:36  Probe  
  43  3:43  Probe  
  43  3:45  Twilight Council  
  43  3:47  Probe  
  44  3:51  Gateway  
  44  3:52  Gateway  
  44  3:53  Probe  
  46  3:55  Stalker  
  46  3:57  Probe  
  46  3:58  Pylon  
  49  4:04  Probe  
  49  4:08  Probe  
  50  4:14  Probe  
  47  4:18  Probe  
  45  4:25  Probe  
  45  4:29  Probe  
  46  4:35  Probe  
  45  4:40  Probe  
  45  4:44  Blink (Chrono Boost)  
  44  4:46  Probe  
  44  4:48  Assimilator  
  44  4:51  Gateway  
  44  4:52  Gateway, Probe  
  44  4:53  Gateway  
  44  4:57  Stalker x2, Probe  
  49  5:00  Stalker  
  49  5:04  Probe  
  52  5:13  Pylon  
  52  5:18  Probe  
  52  5:19  Probe  
  54  5:27  Stalker x2  
  58  5:29  Gateway, Robotics Facility  
  58  5:31  Forge  
  58  5:45  Probe  
  58  5:47  Nexus  
  58  5:49  Pylon  
  59  5:52  Protoss Ground Weapons Level 1 (Chrono Boost)  
  59  6:00  Pylon  
  59  6:09  Dark Shrine  
  59  6:13  Stalker  
  59  6:14  Stalker x2  
  59  6:17  Pylon  
  65  6:19  Probe  
  65  6:20  Probe  
  67  6:25  Observer (Chrono Boost)  
  67  6:32  Probe  
  68  6:36  Gateway x2  
  68  6:44  Stalker x3  
  72  6:58  Stalker  
  72  6:59  Stalker  
  72  7:05  Immortal (Chrono Boost)  
  72  7:07  Assimilator  
  74  7:12  Probe x2  
  76  7:15  Stalker  
  76  7:18  Pylon  
  76  7:21  Pylon  
  78  7:23  Pylon  
  78  7:38  Gateway x2  
  78  7:39  Dark Templar  
  78  7:40  Stalker x3  
  85  7:48  Immortal (Chrono Boost), Probe x2  
  91  8:01  Stalker, Pylon  
  91  8:02  Stalker  
  91  8:03  Stalker  
  91  8:04  Probe  
  96  8:08  Pylon  
  96  8:21  Stalker x4  
  96  8:39  Nexus  
  96  8:42  Stalker  
  96  8:43  Stalker  
  100  8:57  Immortal (Chrono Boost), Probe x2  
  104  9:04  Adept x2  
  107  9:18  Photon Cannon  
  107  9:22  Probe  
  107  9:23  Probe  
  109  9:26  Robotics Facility  
  109  9:36  Robotics Facility  
  109  9:39  Robotics Bay  
  109  9:45  Protoss Ground Weapons Level 2  
  109  9:47  Assimilator  
  109  9:50  Warp Prism (Chrono Boost), Assimilator  
  111  9:56  Probe x2  
  112  10:04  Probe  
  113  10:08  Probe  
  114  10:18  Pylon  
  114  10:19  Pylon  
  114  10:26  Disruptor x2 (Chrono Boost)  
  120  10:42  Pylon  
  120  10:43  Pylon  
  120  10:56  Stalker x5  
  130  10:58  Disruptor x2 (Chrono Boost)  
  136  11:20  Stalker x4  
  136  11:21  Stalker  
  146  11:29  Disruptor x2 (Chrono Boost)  
  143  11:42  Stalker x5  
  110  11:58  Stalker x5  
  96  12:17  Disruptor x2 (Chrono Boost)  
  95  12:27  Stalker x4  
  95  12:28  Stalker x2  
  107  12:44  Nexus  
  100  12:59  Disruptor x2 (Chrono Boost)  
  101  13:15  Stalker x5  
  111  13:30  Disruptor x2 (Chrono Boost)  
  117  13:42  Dark Templar  
  117  13:43  Dark Templar, Zealot  
  117  13:44  Zealot  
  125  13:56  Pylon  
  117  14:03  Disruptor x2 (Chrono Boost)  
  121  14:15  Stalker x4  
  129  14:25  Pylon  
  129  14:29  Probe  
  129  14:31  Probe x2  
  132  14:38  Disruptor (Chrono Boost)  
  97  15:03  Dark Templar x3  
  89  15:19  Stalker x2  
  89  15:20  Stalker x2  
  58  15:29  Zealot x3  
Show
View Real Time Build Order
Export as new Build Order

Patience Protoss - Winner!

Build Orders: Oracle Opening 

Get SALT Encoding   

  12  0:01  Probe (Chrono Boost)  
  13  0:11  Probe (Chrono Boost)  
  14  0:17  Pylon  
  14  0:22  Probe (Chrono Boost)  
  15  0:35  Probe (Chrono Boost)  
  16  0:36  Gateway  
  16  0:46  Probe (Chrono Boost)  
  16  0:47  Assimilator  
  17  0:51  Assimilator  
  17  0:56  Probe (Chrono Boost)  
  18  1:07  Probe (Chrono Boost)  
  19  1:17  Probe (Chrono Boost)  
  20  1:25  Cybernetics Core  
  20  1:28  Probe (Chrono Boost)  
  20  1:30  Assimilator  
  21  1:38  Probe (Chrono Boost)  
  22  1:42  Pylon  
  22  1:49  Probe (Chrono Boost)  
  23  2:03  Mothership Core (Chrono Boost)  
  25  2:17  Nexus  
  25  2:19  Stargate  
  25  2:22  Probe (Chrono Boost)  
  26  2:30  Adept (Chrono Boost)  
  26  2:34  Warp Gate  
  28  2:37  Probe  
  29  2:51  Probe (Chrono Boost), Pylon  
  29  2:57  Pylon  
  30  3:05  Pylon  
  30  3:06  Probe (Chrono Boost)  
  30  3:15  Oracle (Chrono Boost)  
  30  3:18  Probe  
  34  3:28  Probe  
  34  3:30  Probe  
  36  3:39  Probe  
  37  3:42  Probe  
  37  3:46  Oracle (Chrono Boost)  
  41  3:49  Probe  
  41  3:54  Probe, Twilight Council  
  43  4:00  Probe  
  44  4:03  Pylon  
  44  4:06  Probe  
  45  4:10  Probe  
  46  4:21  Probe x2  
  46  4:31  Probe  
  46  4:33  Probe  
  45  4:41  Blink (Chrono Boost)  
  45  4:42  Probe  
  45  4:45  Probe  
  46  4:52  Probe  
  46  4:57  Gateway, Probe  
  46  4:59  Gateway x2  
  48  5:03  Probe  
  48  5:04  Gateway  
  48  5:05  Gateway  
  48  5:07  Pylon, Assimilator  
  49  5:08  Assimilator  
  49  5:09  Probe  
  50  5:22  Probe  
  50  5:23  Probe  
  50  5:25  Stalker  
  50  5:27  Robotics Facility  
  54  5:33  Pylon  
  54  5:51  Probe  
  54  5:52  Probe  
  54  5:53  Pylon  
  56  6:03  Stalker x5  
  56  6:04  Stalker  
  68  6:06  Pylon  
  68  6:14  Warp Prism (Chrono Boost)  
  70  6:23  Resonating Glaives  
  70  6:28  Stalker  
  70  6:29  Stalker x4  
  80  6:32  Stalker  
  82  6:43  Pylon  
  80  7:08  Forge  
  80  7:11  Robotics Bay  
  80  7:16  Stalker x5  
  80  7:17  Stalker  
  92  7:28  Pylon  
  92  7:29  Pylon  
  93  7:30  Observer (Chrono Boost)  
  93  7:47  Protoss Ground Weapons Level 1 (Chrono Boost)  
  93  7:54  Observer (Chrono Boost)  
  94  8:01  Stalker x5  
  94  8:02  Stalker  
  106  8:11  Nexus  
  106  8:13  Probe x2, Pylon  
  108  8:22  Disruptor  
  97  8:39  Probe x2  
  97  8:42  Adept  
  97  8:43  Adept x3  
  97  8:44  Adept x2  
  109  9:03  Probe  
  109  9:07  Disruptor  
  109  9:09  Probe  
  107  9:15  Probe  
  109  9:17  Assimilator  
  109  9:21  Pylon  
  109  9:22  Probe, Assimilator  
  108  9:27  Probe  
  108  9:30  Sentry, Probe  
  111  9:34  Probe  
  111  9:38  Disruptor, Protoss Ground Weapons Level 2 (Chrono Boost)  
  116  9:46  Gateway  
  116  9:47  Photon Cannon  
  116  9:48  Gateway  
  116  10:07  Photon Cannon  
  116  10:08  Pylon  
  116  10:09  Disruptor  
  116  10:16  Sentry x2  
  123  10:21  Robotics Facility  
  123  10:23  Photon Cannon  
  123  10:26  Pylon  
  123  10:33  Adept x2  
  127  10:38  Nexus  
  127  10:40  Disruptor, Pylon  
  130  10:59  Probe  
  130  11:00  Probe  
  130  11:01  Probe  
  130  11:02  Pylon  
  133  11:05  Pylon  
  133  11:06  Pylon  
  123  11:22  Stalker x7  
  123  11:23  Stalker, Disruptor  
  138  11:53  Stalker  
  138  11:54  Stalker x4  
  136  11:55  Stalker x2  
  122  12:24  Stalker x4  
  122  12:25  Stalker  
  122  12:27  Stalker x2  
  136  12:33  Photon Cannon  
  136  12:42  Photon Cannon  
  126  12:55  Protoss Ground Weapons Level 3 (Chrono Boost)  
  122  12:59  Disruptor  
  122  13:04  Disruptor  
  126  13:30  Disruptor  
  126  13:33  Templar Archives  
  126  13:35  Stalker  
  126  13:36  Stalker x6  
  126  13:40  Photon Cannon  
  143  13:46  Probe, Pylon  
  143  13:47  Probe  
  143  13:48  Probe x2  
  147  13:57  Probe  
  145  14:10  High Templar x2  
  145  14:11  High Templar x2  
  145  14:12  High Templar x4  
  161  14:17  Archon x3  
  161  14:18  Archon  
  161  14:24  Pylon  
  161  14:26  Immortal (Chrono Boost)  
  161  14:30  Assimilator  
  169  14:33  Assimilator  
  169  14:35  Warp Prism (Chrono Boost)  
  151  15:19  Stalker x4  
  151  15:20  Stalker x4  
  130  15:43  Stalker x2  
Tags
 
Add a new tag
Caveats
  • Supply blocks, unpowered buildings, or Contaminate may cause inaccurate times.
  • Supply counts are checked every 10 seconds.